 Dungeon Crawl Stone Soup version 0.29-a0-330-g52719c12eb (webtiles) character file.

Game seed: 18038795471977004838

1526 tilp the Spear-Bearer (level 8, -14/62 HPs)
             Began as a Merfolk Artificer on Apr 29, 2022.
             Was a Follower of Trog.
             Demolished by a boulder beetle (24 damage)
             ... on level 6 of the Dungeon.
             The game lasted 00:07:42 (6192 turns).

tilp the Spear-Bearer (Merfolk Artificer)           Turns: 6192, Time: 00:07:43

Health: -14/62     AC:  8    Str: 14    XL:     8   Next: 85%
Magic:  0/8        EV: 12    Int: 11    God:    Trog [*.....]
Gold:   228        SH:  0    Dex: 14    Spells: 7/7 levels left

rFire   . . .      SeeInvis .   a - +1 halberd
rCold   . . .      Faith    .   (shield currently unavailable)
rNeg    . . .      Spirit   +   f - +1 ring mail {Will+}
rPois   .          Reflect  .   (no helmet)
rElec   .          Harm     .   (no cloak)
rCorr   .          Rampage  .   (no gloves)
Will    +....                   o - +1 pair of boots
Stlth   +.........              x - amulet of guardian spirit
HPRegen 0.20/turn               (no ring)
MPRegen 0.11/turn               (no ring)

@: on berserk cooldown, slowed, very slow
A: (nimble swimmer 2), mertail
a: Renounce Religion, Berserk


You were on level 6 of the Dungeon.
You worshipped Trog.
Trog was aware of your devotion.
You visited 1 branch of the dungeon, and saw 6 of its levels.

You collected 228 gold pieces.

Inventory:

Hand Weapons
 a - a +1 halberd (weapon)
 b - a +0 trident
Missiles
 m - 2 poisoned darts (quivered)
 s - 169 stones
Armour
 f - a +1 ring mail of willpower (worn)
 i - a +0 chain mail
 o - a +1 pair of boots (worn)
Jewellery
 n - a ring of fire
 x - an amulet of guardian spirit (around neck)
Wands
 c - a wand of flame (15)
 d - a wand of charming (15)
 e - a wand of iceblast (5)
Scrolls
 l - a scroll of summoning
 v - a scroll of teleportation
 w - a scroll of enchant armour
 y - a scroll of immolation {unknown}
 z - a scroll of identify
Potions
 g - a potion of resistance
 h - 5 potions of curing
 j - 4 potions of heal wounds
 k - 2 potions of ambrosia {unknown}
 p - a potion of lignification {unknown}
 q - a potion of mutation {unknown}
 r - 3 potions of flight
 t - a potion of degeneration {unknown}
 u - 2 potions of invisibility {unknown}
 A - a potion of attraction {unknown}
 B - a potion of haste {unknown}


   Skills:
 + Level 5.0 Fighting
 + Level 10.5 Polearms
 - Level 2.0 Throwing
 - Level 2.0 Armour
 - Level 4.0 Dodging
 - Level 2.0 Stealth
 - Level 4.0 Evocations


You had 7 spell levels left.
You didn't know any spells.
Your spell library contained the following spells:

 Spells                   Type           Power      Damage    Failure   Level
 Gell's Gravitas          Tloc           0%         N/A       91%         3
 Lesser Beckoning         Tloc           0%         N/A       91%         3
 Teleport Other           Tloc           0%         N/A       91%         3


Dungeon Overview and Level Annotations

Branches:
Dungeon (6/15)             Temple (0/1) D:6

Altars:
Trog

Annotations:
D:3 1 runed translucent door, p0werm0de's ghost, amateur KoFi


Innate Abilities, Weirdness & Mutations

((You are very nimble when in or above water. (Stealth+, EV+, Speed+++)))
Your lower body shifts to a powerful aquatic tail in water.


Message History

The boulder beetle closely misses you.
A phantom comes into view.
You hit the boulder beetle.
The boulder beetle is severely wounded.
The boulder beetle bites you!
The boulder beetle leaps!
The boulder beetle leaps!
There is an open door, spattered with blood here.
Things that are here:
a +0 club; a +0 leather armour; an orc corpse
Aiming: Iceblast
Press: ? - help, Shift-Dir - straight line, f - boulder beetle
Aim: a boulder beetle (severely wounded)
The mass of ice explodes!
The iceblast engulfs the boulder beetle!
The boulder beetle is almost dead.
You hear an angry hiss. x2; You hear a shout!
You hear an angry hiss.
You hear a bark!
You hear a shout!
The boulder beetle curls into a ball and begins rolling!
Unknown command.
Aiming: Iceblast
Press: ? - help, Shift-Dir - straight line, f/p - boulder beetle
Aim: a boulder beetle (almost dead, rolling)
The mass of ice explodes!
The iceblast engulfs the boulder beetle but does no damage.
The boulder beetle is almost dead.
The iceblast engulfs the phantom!
The phantom partially resists.
The phantom is heavily damaged.
You hear a shout!
A centaur comes into view.
The boulder beetle hits you!!
* * * LOW HITPOINT WARNING * * *
The boulder beetle stops rolling and uncurls.
The centaur moves out of view.
You hear an angry hiss.
Unknown command.
You puncture the boulder beetle!
The boulder beetle is almost dead.
The boulder beetle bites you but does no damage.
The boulder beetle bites you!!
You die...

........####.....####.###....#...
##......# ##...## #...).#?#....
#......# ##.## #.###<...##..
###....## #.# ##.# #........
###...## +#.#+ ##..# #..#.##..
#....###...###...###..#.##.> ####
#........8.................. .[.#
##...###c°B###...###........
##.####..## +#.#@.##..# #........
........## #.#...##.# #........
#..#....# ##W##...#.# #........
........# ##...##.:#.# #........
#.......####.....####.# #.....###
.....^#...............# #####.#
...............######## #.#
...†...####.#### #.# .......# #.#
#.###


You could see a boulder beetle and a centaur.

Vanquished Creatures
  A steam dragon (D:4)
  Edmund (D:6)
  Duvessa (D:6)
  An orc warrior (D:5)
  An ice beast (D:6)
  A sky beast (D:6)
  An ogre (D:5)
  A kobold brigand (D:6)
  2 scorpions
  Dowan (D:6)
  2 howler monkeys (D:5)
  2 orc priests
  3 hounds
  A jelly (D:6)
  2 iguanas
  An orc wizard (D:3)
  4 gnolls
  5 adders
  A white imp (D:3)
  3 worms
  A dart slug (D:4)
  24 orcs
  6 bats
  6 endoplasms
  7 giant cockroaches
  7 goblins
  8 hobgoblins
  5 kobolds
  5 quokkas
  7 ball pythons
  4 frilled lizards
  2 rats
117 creatures vanquished.

Notes
Turn   | Place    | Note
-------+----------+-------------------------------------------
     0 | D:1      | tilp the Merfolk Artificer began the quest for the Orb.
     0 | D:1      | Reached XP level 1. HP: 15/15 MP: 1/1
    96 | D:1      | Found a faded altar of an unknown god.
   302 | D:1      | Reached skill level 1 in Polearms
   302 | D:1      | Reached XP level 2. HP: 21/22 MP: 2/2
   445 | D:1      | Reached skill level 2 in Polearms
   467 | D:1      | Reached XP level 3. HP: 14/27 MP: 3/3
   823 | D:1      | Reached skill level 3 in Polearms
  1316 | D:2      | Found a bloodstained altar of Trog.
  1322 | D:2      | Reached skill level 4 in Polearms
  1485 | D:2      | Reached XP level 4. HP: 33/33 MP: 4/4
  1782 | D:2      | Became a worshipper of Trog the Wrathful
  2172 | D:3      | Reached skill level 5 in Polearms
  2396 | D:3      | Found a runed translucent door.
  2397 | D:3      | Noticed p0werm0de's ghost (amateur KoFi)
  2638 | D:4      | Reached XP level 5. HP: 24/38 MP: 5/5
  2650 | D:4      | Reached skill level 6 in Polearms
  3505 | D:4      | Reached XP level 6. HP: 46/46 MP: 6/6
  3606 | D:4      | Noticed a steam dragon
  3610 | D:4      | Killed a steam dragon
  3610 | D:4      | Reached * piety under Trog
  3611 | D:4      | Reached skill level 7 in Polearms
  4184 | D:5      | Entered Level 5 of the Dungeon
  4364 | D:5      | Noticed an orc warrior
  4367 | D:5      | Reached skill level 8 in Polearms
  4367 | D:5      | Reached XP level 7. HP: 52/52 MP: 7/7
  4891 | D:5      | Reached skill level 9 in Polearms
  4958 | D:5      | Reached skill level 10 in Polearms
  5285 | D:6      | Reached XP level 8. HP: 52/60 MP: 8/8
  5382 | D:6      | Noticed Duvessa
  5383 | D:6      | Noticed Dowan
  5402 | D:6      | Killed Duvessa
  5403 | D:6      | Reached skill level 1 in Throwing
  5403 | D:6      | Reached skill level 1 in Armour
  5444 | D:6      | Killed Dowan
  5916 | D:6      | Found a staircase to the Ecumenical Temple.
  5926 | D:6      | Noticed Edmund
  5944 | D:6      | Killed Edmund
  6163 | D:6      | Noticed a boulder beetle
  6184 | D:6      | Reached skill level 5 in Fighting
  6192 | D:6      | Demolished by a boulder beetle

Illustrated notes

Levels and vault maps discovered:
D:1:      dpeg_arrival_more_subterranean_lakeside_camping, layout_basic,
          basic_ecumenical_altar
D:2:      layout_rooms, basic_altar, bh_walls_and_bars
D:3:      layout_basic, gammafunk_ghost_grave
D:4:      layout_rooms
D:5:      layout_basic
D:6:      cheibrodos_barr_body, layout_loops_ring,
          minmay_temple_entry_glassed_door, uniq_edmund, uniq_duvessa

Skill      XL: |  1  2  3  4  5  6  7  8 |
---------------+-------------------------+-----
Fighting       | 2 3 4 5 |  5.0
Polearms       | 1 2 4 5 6 8 10 | 10.5
Throwing       | 2 |  2.0
Armour         | 2 |  2.0
Dodging        | 4 |  4.0
Stealth        | 2 |  2.0
Evocations     | 4 |  4.0

Action                   |  1- 3 |  4- 6 |  7- 9 || total
-------------------------+-------+-------+-------++-------
Melee: Club              |    21 |       |       ||    21
       Halberd           |    66 |   179 |   184 ||   429
Throw: Dart              |     1 |       |       ||     1
Invok: Berserk           |       |       |     5 ||     5
Evoke: Wand              |       |     2 |     2 ||     4
  Use: Scroll            |     2 |    10 |     3 ||    15
 Stab: Sleeping          |       |     1 |     1 ||     2
Armor: Ring mail         |    32 |    70 |    36 ||   138
Dodge: Dodged            |    42 |   114 |    74 ||   230

Table legend: (Time is in decaauts)
 A = Elapsed time spent in this place.
 B = Non-inter-level travel time spent in this place.
 C = Inter-level travel time spent in this place.
 D = Time resting spent in this place.
 E = Time spent auto-exploring this place.
 F = Levels seen in this place.
 G = Mean time per level.
                   A        B        C        D        E       F      G
               +--------+--------+--------+--------+--------+-----+--------+
         Total |   6289 |   6155 |    134 |   1291 |   3839 |   6 | 1048.2 |
       Dungeon |   6289 |   6155 |    134 |   1291 |   3839 |   6 | 1048.2 |
               +--------+--------+--------+--------+--------+-----+--------+

Top non-repeatable levels by time:
     D:4: 1398 daAuts
     D:1: 1173 daAuts
     D:3: 1153 daAuts
     D:5: 938 daAuts
     D:6: 926 daAuts
     D:2: 699 daAuts
